Map: Frozen Temple

Players

Geralt (Gerald)

  • Race: Protoss Protoss
  • League: Grandmaster

Miszu - Winner!

  • Race: Terran Terran
  • League: Master

VOD

Have the link to the VOD?

Description

Time

  • Played on: April 18, 2016, 5:24 p.m.
  • Length: 14:21
Show
View Real Time Build Order
Export as new Build Order

Geralt Protoss 

Build Orders: 1 Gate Expand, Oracle Opening 

Get SALT Encoding   

  12  0:00  Probe (Chrono Boost)  
  13  0:11  Probe (Chrono Boost)  
  14  0:18  Pylon  
  14  0:22  Probe (Chrono Boost)  
  15  0:36  Gateway, Probe (Chrono Boost)  
  15  0:41  Assimilator  
  16  0:47  Probe (Chrono Boost)  
  17  0:57  Probe (Chrono Boost)  
  18  1:08  Probe (Chrono Boost)  
  20  1:18  Probe (Chrono Boost)  
  20  1:23  Cybernetics Core  
  20  1:30  Probe (Chrono Boost)  
  21  1:40  Nexus  
  21  1:44  Probe (Chrono Boost)  
  22  1:51  Pylon  
  21  1:55  Probe (Chrono Boost)  
  21  1:58  Assimilator  
  22  2:05  Probe (Chrono Boost)  
  23  2:10  Adept (Chrono Boost)  
  25  2:17  Stargate  
  25  2:24  Probe  
  26  2:31  Warp Gate  
  26  2:33  Adept (Chrono Boost)  
  28  2:39  Probe  
  30  2:51  Probe  
  30  2:52  Probe  
  30  2:53  Pylon  
  30  2:57  Adept (Chrono Boost)  
  33  3:02  Oracle (Chrono Boost)  
  33  3:03  Probe  
  37  3:09  Probe  
  38  3:15  Probe  
  39  3:21  Adept (Chrono Boost), Probe  
  42  3:27  Probe  
  42  3:29  Assimilator  
  42  3:33  Probe  
  44  3:39  Probe  
  45  3:45  Probe  
  45  3:47  Oracle, Pylon  
  46  3:49  Adept (Chrono Boost)  
  46  3:51  Probe  
  52  3:58  Probe  
  53  4:04  Probe  
  54  4:10  Probe  
  51  4:21  Probe  
  51  4:22  Probe  
  51  4:23  Robotics Facility  
  51  4:24  Forge, Twilight Council  
  53  4:29  Assimilator  
  53  4:33  Pylon, Probe  
  53  4:34  Mothership Core  
  54  4:45  Probe  
  55  4:54  Phoenix  
  55  4:55  Probe  
  55  4:57  Probe  
  59  5:06  Gateway  
  59  5:07  Gateway, Probe  
  59  5:09  Pylon, Probe  
  59  5:11  Protoss Ground Armor Level 1 (Chrono Boost)  
  61  5:14  Pylon  
  61  5:17  Charge (Chrono Boost)  
  61  5:20  Immortal  
  61  5:28  Pylon  
  65  5:34  Phoenix  
  68  5:35  Probe  
  68  5:40  Probe  
  66  5:47  Nexus, Probe  
  67  5:52  Probe  
  67  5:55  Immortal  
  68  5:59  Probe  
  71  6:04  Probe  
  72  6:12  Probe  
  72  6:17  Sentry, Probe  
  76  6:20  Phoenix  
  76  6:21  Pylon  
  76  6:22  Gateway x2  
  76  6:24  Probe  
  79  6:27  Photon Cannon  
  79  6:31  Observer  
  79  6:37  Zealot  
  79  6:38  Zealot  
  84  6:41  Probe  
  84  6:42  Probe  
  86  6:47  Immortal  
  86  6:53  Probe  
  91  6:54  Photon Cannon, Probe  
  91  7:00  Zealot x2  
  96  7:03  Zealot  
  96  7:05  Probe  
  99  7:18  Nexus  
  97  7:33  Zealot x3  
  97  7:34  Probe  
  100  7:46  Pylon, Phoenix  
  100  7:47  Pylon  
  102  7:56  Protoss Ground Armor Level 2 (Chrono Boost)  
  102  7:59  Immortal  
  102  8:00  Templar Archives  
  102  8:04  Probe x2  
  108  8:15  Pylon  
  108  8:16  Probe x2  
  108  8:18  Pylon  
  110  8:26  Pylon, Assimilator  
  110  8:27  Assimilator, Phoenix  
  110  8:28  Probe x2  
  110  8:33  Immortal  
  114  8:39  High Templar x2  
  114  8:40  Probe  
  123  8:50  Zealot x3  
  123  8:51  Probe  
  128  9:06  Probe  
  128  9:07  Immortal  
  128  9:09  Psionic Storm, Phoenix  
  131  9:14  Pylon  
  134  9:25  Robotics Facility, Robotics Bay  
  134  9:29  Gateway  
  134  9:31  Gateway, Zealot x4  
  134  9:32  Probe  
  134  9:33  Gateway  
  134  9:34  Phoenix  
  138  9:44  Observer  
  135  9:47  Zealot  
  131  9:53  Archon  
  129  10:03  Probe  
  130  10:09  Zealot x5, Disruptor  
  130  10:13  Disruptor  
  146  10:17  Protoss Ground Armor Level 3 (Chrono Boost)  
  142  10:23  Nexus  
  129  10:33  Zealot x2  
  133  10:39  Zealot  
  133  10:49  Nexus  
  133  10:57  Stalker  
  133  10:59  Observer  
  133  11:08  Pylon  
  133  11:15  Pylon  
  133  11:20  Pylon  
  133  11:23  Phoenix  
  133  11:27  Zealot x3  
  133  11:29  High Templar  
  133  11:30  High Templar  
  133  11:37  Zealot  
  120  11:45  Zealot  
  90  12:04  Probe  
  90  12:07  Probe  
  92  12:09  High Templar x6  
  92  12:10  High Templar  
  92  12:15  Nexus  
  106  12:24  Pylon  
  106  12:32  Zealot  
  96  12:49  Stalker x2, Zealot x2  
  101  12:53  Zealot  
  103  13:03  Zealot x2  
  107  13:07  Probe  
  107  13:08  Probe  
  108  13:12  Probe  
  108  13:18  High Templar, Probe  
  112  13:26  Probe  
  110  13:27  Probe  
  110  13:28  Probe  
  110  13:31  High Templar x2  
  110  13:32  High Templar  
  117  13:39  High Templar x2  
  113  13:43  Archon  
  113  13:45  Probe  
  114  13:48  Probe x2  
  114  13:49  Probe  
  117  13:57  Probe  
  117  13:59  Probe  
  117  14:02  Stalker x2  
  89  14:12  High Templar  
  89  14:13  Zealot  
Show
View Real Time Build Order
Export as new Build Order

Miszu Terran - Winner!

Build Orders: MMM Bio 

Get SALT Encoding   

  12  0:01  SCV  
  13  0:13  SCV  
  14  0:18  Supply Depot  
  14  0:25  SCV  
  15  0:39  SCV  
  15  0:40  Barracks  
  16  0:51  SCV  
  17  1:03  SCV  
  18  1:15  SCV  
  19  1:20  Command Center  
  19  1:27  Marine  
  20  1:32  Orbital Command  
  20  1:43  Barracks  
  20  1:51  Marine  
  21  1:56  Barracks  
  21  1:59  SCV  
  22  2:10  Marine  
  23  2:18  Supply Depot  
  23  2:26  Refinery  
  23  2:27  Refinery  
  23  2:31  Marine, SCV  
  23  2:33  Orbital Command  
  23  2:35  Marine  
  26  2:43  SCV  
  27  2:44  Marine  
  27  2:49  Marine  
  29  2:53  Marine  
  29  2:55  SCV  
  31  2:58  Supply Depot  
  31  3:02  Marine  
  31  3:03  SCV  
  33  3:08  SCV  
  33  3:11  Marine  
  34  3:14  Barracks Tech Lab  
  34  3:15  SCV  
  35  3:20  SCV  
  35  3:23  Marine  
  37  3:27  SCV  
  37  3:29  Marine  
  37  3:32  SCV  
  40  3:35  Marine  
  40  3:37  Stimpack  
  40  3:40  Factory, SCV  
  42  3:44  SCV  
  42  3:46  Marine  
  42  3:47  Marine  
  45  3:53  Engineering Bay, Marine, SCV  
  47  3:56  SCV  
  47  4:01  Refinery  
  48  4:04  Supply Depot  
  48  4:06  SCV  
  42  4:18  Marine x3  
  42  4:21  SCV x2  
  47  4:25  Missile Turret  
  47  4:33  SCV, Missile Turret  
  47  4:34  SCV  
  51  4:44  Starport  
  51  4:45  SCV  
  50  4:46  SCV  
  50  4:47  Factory Reactor  
  50  4:51  Barracks Reactor, Barracks Tech Lab  
  51  4:56  Terran Infantry Weapons Level 1  
  51  4:57  SCV  
  51  4:58  SCV  
  53  5:05  Marauder  
  55  5:09  SCV  
  55  5:10  SCV  
  55  5:11  Marine  
  58  5:18  Barracks  
  58  5:20  Barracks  
  58  5:21  SCV  
  58  5:23  SCV  
  58  5:26  Marine  
  58  5:27  Refinery, Combat Shields  
  61  5:32  Supply Depot  
  61  5:33  SCV  
  61  5:34  Supply Depot, Factory Reactor  
  62  5:37  Marine  
  62  5:41  Concussive Shells  
  62  5:53  Marine, Medivac x2, Marauder  
  62  5:55  Marine  
  62  5:56  Marauder  
  72  6:05  Supply Depot  
  72  6:07  Supply Depot  
  72  6:08  Barracks Reactor  
  72  6:10  Barracks Tech Lab, Widow Mine x2  
  76  6:12  Marine  
  76  6:13  Marine  
  78  6:27  Medivac, Marauder x2, SCV x2  
  78  6:28  Medivac  
  78  6:29  Command Center  
  88  6:39  SCV x2  
  90  6:40  Supply Depot  
  90  6:41  Widow Mine  
  90  6:46  Marine x2  
  94  6:49  Supply Depot  
  94  6:51  Supply Depot  
  94  7:01  Marine x3, Medivac, SCV  
  94  7:02  Marauder  
  94  7:06  Marine  
  94  7:07  SCV  
  102  7:09  Medivac  
  102  7:10  Marauder  
  99  7:19  Marauder  
  99  7:23  Marauder  
  99  7:28  Marine  
  98  7:31  Marauder  
  98  7:32  Medivac  
  98  7:33  Marine, Widow Mine x2  
  107  7:41  Marauder  
  107  7:43  Marine, Medivac  
  107  7:44  Marine, Marauder  
  109  7:45  Marine  
  109  7:50  Marine, SCV  
  109  7:51  Barracks  
  115  7:52  Marine, Barracks  
  115  7:53  Missile Turret  
  115  7:55  Barracks  
  115  7:58  SCV, Orbital Command  
  116  8:02  Widow Mine, SCV  
  119  8:11  SCV, Widow Mine  
  122  8:14  SCV  
  123  8:22  Medivac x2, Marauder  
  123  8:23  SCV  
  123  8:26  Supply Depot, SCV  
  132  8:27  SCV  
  132  8:35  SCV  
  132  8:36  Marine, Marauder  
  132  8:37  Marine x2  
  132  8:38  Marauder, SCV  
  141  8:43  Engineering Bay  
  141  8:46  Armory  
  141  8:47  SCV x2  
  143  8:50  SCV  
  144  8:59  SCV x2  
  144  9:00  Marine, Marauder  
  149  9:14  Supply Depot  
  149  9:15  Supply Depot  
  149  9:16  Supply Depot x2  
  149  9:17  Barracks Reactor x2, Barracks Tech Lab  
  149  9:20  Terran Infantry Armor Level 1  
  149  9:22  Armory  
  149  9:35  Marine, Medivac x2, SCV  
  149  9:36  Marine x4, Marauder, Widow Mine x2, SCV x2  
  149  9:37  Marine  
  149  9:38  Marine  
  163  9:53  Marine  
  163  9:54  Marine x3, Marauder  
  163  9:55  Marine  
  163  9:56  Marine x5  
  163  9:57  Marauder  
  172  10:09  Command Center  
  172  10:11  Marine  
  172  10:12  Marine x2, Marauder  
  177  10:15  Marauder  
  177  10:16  Marauder  
  177  10:18  Medivac x2  
  167  10:32  Marine, Marauder  
  167  10:33  Marine x8  
  177  10:36  Marine  
  177  10:37  Marine  
  178  10:48  Medivac  
  177  10:50  Marine x3  
  177  10:54  Marine  
  181  10:59  Widow Mine  
  181  11:00  Marauder x4, Terran Infantry Weapons Level 2  
  190  11:08  Starport  
  190  11:11  Fusion Core  
  190  11:21  Marauder x3  
  195  11:26  Marauder, Liberator  
  189  11:42  Widow Mine x2  
  189  11:43  Marauder x3  
  194  11:51  Liberator  
  169  12:04  Marine, Marauder  
  169  12:05  Marine, Marauder  
  169  12:06  Marine x6, Marauder x2  
  188  12:15  Starport Tech Lab  
  188  12:22  Marine  
  187  12:23  Marine  
  187  12:24  Marine x6  
  187  12:25  Marine  
  187  12:26  Marine  
  187  12:27  Marine x2  
  198  12:32  Liberator x2  
  198  12:34  Liberator  
  198  12:40  Marine  
  198  12:41  Marine  
  198  12:42  Marine x3  
  191  12:54  Advanced Ballistics  
  184  13:07  Marauder x2  
  184  13:11  Command Center  
  184  13:12  Refinery x2  
  186  13:13  Refinery x2  
  186  13:15  Liberator x2  
  186  13:16  Liberator  
  186  13:18  Marine x7  
  186  13:19  Planetary Fortress  
Tags
 
Add a new tag
Caveats
  • Supply blocks, unpowered buildings, or Contaminate may cause inaccurate times.
  • Supply counts are checked every 10 seconds.